 Dungeon Crawl Stone Soup version 0.28-a0-595-g9f6c0e134a (webtiles) character file.

Game seed: 17215535308346552295

48652 Shard1697 the Thaumaturge (level 14, -17/103 HPs)
             Began as a Djinni Ice Elementalist on Oct 4, 2021.
             Was an Initiate of Gozag.
             Demolished by a boulder beetle (39 damage)
             ... on level 6 of the Lair of Beasts.
             The game lasted 00:45:00 (27867 turns).

Shard1697 the Thaumaturge (DjIE)                   Turns: 27867, Time: 00:45:00

Health: -17/103    AC:  9    Str:  7    XL:     14   Next: 88%
Gold:   5882       EV: 17    Int: 23    God:    Gozag SH: 10 Dex: 13

rFire   + . .      SeeInvis +   a - +4 eveningstar (protect)
rCold   . . .      Faith    .   L - +0 buckler
rNeg    . . .      Spirit   .   v - +0 steam dragon scales
rPois   ∞          Reflect  +   I - +2 helmet "Ihuaho Faut" {Contam rPois rCorr Slay+2}
rElec   .          Harm     .   (no cloak)
rCorr   +          Rampage  .   j - +0 pair of gloves
Will    +....                   (boots unavailable)
Stlth   ++........              w - amulet of reflection
HPRegen 0.27/turn               i - ring of ice
MPRegen 0.00/turn               R - ring of see invisible

@: flying, studying 2 skills
A: sickness immunity, fire resistance 2, cold vulnerability 1, float, innate
caster, hp casting, extra vitality 1
a: Renounce Religion, Potion Petition, Call Merchant, Bribe Branch


You were on level 6 of the Lair of Beasts.
You worshipped Gozag.
Gozag was greatly pleased with you.
You visited 2 branches of the dungeon, and saw 17 of its levels.
You also visited: Sewer, Bailey and Ice Cave.

You collected 5935 gold pieces.
You paid 53 gold pieces to Gozag.

Inventory:

Hand Weapons
 a - a +4 eveningstar of protection (weapon)
 b - the +6 flail "Fulagid" {antimagic, rF+ rC+ Dex+3}
   (You found it in an ice cave)

   It reduces the magical energy of the wielder, and disrupts the spells and
   magical abilities of those it strikes.
   Natural abilities and divine invocations are not affected.
   Dex:       It affects your dexterity (+3).
   rF:        It protects you from fire.
   rC:        It protects you from cold.
 D - the +7 great mace "Undeadhunter" {disrupt, rN+}
   (You found it in an ice cave)

   It inflicts significantly more damage against the undead.
   rN:        It protects you from negative energy.
Missiles
 d - 13 curare-tipped darts
Armour
 j - a +0 pair of gloves (worn)
 v - +0 steam dragon scales (worn)
 y - a +0 kite shield
 C - the +1 ring mail "Zihiso" {rF+ Int+4 Dex+4}
   (You took it off a kobold in a bailey)

   Int:       It affects your intelligence (+4).
   Dex:       It affects your dexterity (+4).
   rF:        It protects you from fire.
 I - the +2 helmet "Ihuaho Faut" (worn) {Contam rPois rCorr Slay+2}
   (You found it on level 1 of the Lair of Beasts)

   Slay:      It affects your accuracy & damage with ranged weapons and melee
   (+2).
   rPois:     It protects you from poison.
   Contam:    It causes magical contamination when unequipped.
   rCorr:     It protects you from acid and corrosion.
 L - a +0 buckler (worn)
 Q - a scarf of shadows
Magical Staves
 l - a staff of air
 G - a staff of fire
 M - a staff of earth
Jewellery
 i - a ring of ice (left hand)
 w - an amulet of reflection (around neck)
 A - the macabre finger necklace {rN+}
   (You took it off a kobold on level 11 of the Dungeon)

   [amulet of nothing]

   It enables you to equip an extra ring.
   rN:        It protects you from negative energy.
 O - the ring "Kaekkoxt" {Fire Will+}
   (You found it on level 3 of the Lair of Beasts)

   [ring of fire]

   It enhances your fire magic.
   rF:        It protects you from fire.
   rC:        It makes you vulnerable to cold.
   Will:      It increases your willpower.
 R - a ring of see invisible (right hand)
Wands
 k - a wand of acid (7)
 t - a wand of digging (16)
 z - a wand of flame (75)
 E - a wand of polymorph (13)
 H - a wand of iceblast (4)
 K - a wand of mindburst (20)
Scrolls
 o - a scroll of holy word
 p - a scroll of silence
 r - 5 scrolls of fear
 s - 3 scrolls of enchant armour
 x - a scroll of teleportation
 J - 2 scrolls of fog
 P - 2 scrolls of identify
Potions
 c - 7 potions of mutation
 e - 3 potions of curing
 f - a potion of invisibility
 g - 2 potions of berserk rage
 h - 5 potions of might
 m - 3 potions of ambrosia
 n - a potion of cancellation
 q - 2 potions of heal wounds
 u - a potion of brilliance
 B - a potion of resistance
 F - 4 potions of attraction
 N - 3 potions of lignification


   Skills:
 - Level 10.0 Fighting
 + Level 8.2 Maces & Flails
 + Level 11.0 Dodging
 - Level 1.5 Stealth
 - Level 4.2 Shields
 + Level 14.2 Spellcasting


You had 10 spell levels left.
You knew the following spells:

 Your Spells              Type           Power      Damage    Failure   Level
a - Freeze                Ice            100%       1d11      0%          1
b - Frozen Ramparts       Ice            100%       1d12      1%          3
c - Ozocubu's Armour      Ice            89%        N/A       1%          3
d - Hailstorm             Conj/Ice       89%        3d18      1%          4
e - Sting                 Tmut/Pois      100%       1d8       0%          1
f - Fireball              Conj/Fire      35%        3d15      1%          5
g - Teleport Other        Tloc           70%        N/A       1%          3
h - Summon Lightning Spi  Summ/Air       70%        N/A       1%          4
i - Lee's Rapid Deconstr  Erth           35%        3d19*     1%          5
j - Call Imp              Summ           70%        N/A       0%          2
Your spell library was empty.

Dungeon Overview and Level Annotations

Branches:
Dungeon (11/15)            Temple (0/1) D:5            Lair (6/6) D:8
 Shoals (0/4) Lair:2        Snake (0/4) Lair:3        Slime (0/5) Lair:5
    Orc (0/2) D:10          Sewer (visited)          Bailey (visited)
  IceCv (visited)

Altars:
Cheibriados
Dithmenos
Gozag
Kikubaaqudgha
Okawaru
Qazlal
Sif Muna
Wu Jian
Yredelemnul
The Shining One

Shops:
D:2 :

Portals:
Trove: D:10 (give horn of Geryon)


Innate Abilities, Weirdness & Mutations

You are immune to sickness and miasma.
You are immune to poison.
Your flesh is very heat resistant. (rF++)
You are vulnerable to cold. (rC-)
You float through the air rather than walking.
You learn spells naturally, not from books.
Your magical power is your life essence.
You have superior vitality. (+4 HP)


Message History

You sock the water moccasin!
You kill the water moccasin!
You now have 5843 gold pieces (gained 6).
P - 2 scrolls of identify (gained 1) Key pressed, stopping explore.
HP restored.
You now have 5868 gold pieces (gained 25).
You now have 5882 gold pieces (gained 14).
Found a quarterstaff.
You don't have any unidentified items.
A boulder beetle comes into view.
Found an ivory ring.
A boulder beetle is nearby!
A boulder beetle is nearby!
The boulder beetle bites you!!
You puncture the boulder beetle!
Your weapon exudes an aura of protection.
The boulder beetle is lightly wounded.
The boulder beetle bites you!
The boulder beetle curls into a ball and begins rolling!
Casting: Hailstorm (safe; 1% risk of failure)
Confirm with . or Enter, or press ? or * to list all spells.
Casting: Frozen Ramparts (safe; 1% risk of failure)
Press: ? - help, Dir - look around, f - activate You feel a surge of power!
The walls around you are covered in ice.
The wall freezes the boulder beetle.
The wall freezes the boulder beetle!
The boulder beetle hits you!!!
* * * LOW HITPOINT WARNING * * *
The boulder beetle stops rolling and uncurls.
Your frozen ramparts will break if you move.
Continue?
The frozen ramparts melt away as you move.
The boulder beetle waves its antennae.
The boulder beetle curls into a ball and begins rolling!
The boulder beetle misses you.
The boulder beetle stops rolling and uncurls.
The boulder beetle curls into a ball and begins rolling!
The boulder beetle hits you!!!
You die...
Your body crumbles into a pile of gold.

####..................#
#......................
##........#...#.........
#.........#####.........
##P......)P###..........
#####.................#
#............##....
##.......... ##...@#..##
$ #.#.B#.### ......
##..○### #.... #..°##
...=# #..°.# #...#
##...# #...## #..###
##....# ##..#.# #.....#
.. #....#####....#....


You could see a boulder beetle (rolling).

Vanquished Creatures
  Gastronok (Lair:2)
  The ghost of Zenkrye the Thaumaturge, a journeyman DjCA of Ignis (Lair:3)
  6 hydras
  2 ironbound frosthearts (IceCv)
  2 two-headed ogres (D:11)
  6 death yaks (IceCv)
  The ghost of lawman0 the Magician, a novice NaWz of Vehumet (Lair:1)
  Urug (Lair:3)
  Nergalle (Lair:2)
  A manticore (D:11)
  3 black mambas (Lair:5)
  An ice statue (IceCv)
  2 torpor snails (Lair:4)
  7 cane toads
  Maggie (D:8)
  6 rime drakes
  3 komodo dragons
  2 kobold demonologists
  9 polar bears (IceCv)
  A troll (D:6)
  Grinder (Sewer)
  A queen bee (Lair:1)
  2 hornets
  16 blink frogs
  A snapping turtle (Lair:2)
  A vampire (D:10)
  3 basilisks
  63 yaks
  A wraith (D:10)
  4 vampire mosquitoes (D:11)
  4 acid dragons
  A hydra simulacrum (Lair:3)
  16 water moccasins
  11 orc warriors
  5 ice beasts
  A sky beast (D:7)
  A hornet zombie (D:5)
  A black bear (D:8)
  A necrophage (D:6)
  An ogre (D:6)
  9 centaurs
  25 wolves
  2 phantoms
  17 kobold brigands
  6 scorpions
  2 gnoll sergeants
  10 bullfrogs
  A cane toad simulacrum (Lair:3)
  A water moccasin zombie (D:6)
  A water moccasin skeleton (D:6)
  10 killer bees
  3 electric eels
  2 howler monkeys (D:9)
  2 quasits (Sewer)
  3 hounds
  2 jellies (D:5)
  8 orc priests
  2 water moccasin simulacra (Lair:3)
  A bullfrog skeleton (D:5)
  A centaur skeleton (D:7)
  A gnoll shaman (D:5)
  Jessica (D:3)
  9 orc wizards
  6 iguanas
  A yak simulacrum (Lair:3)
  2 howler monkey zombies (D:8)
  Robin (D:2)
  13 gnolls
  2 adders
  3 shadow imps
  13 white imps
  5 ufetubi (Sewer)
  A worm (D:3)
  2 dart slugs
  58 orcs
  11 ball pythons
  9 bats
  6 endoplasms
  12 giant cockroaches
  17 goblins
  9 hobgoblins
  4 jackals (D:4)
  54 kobolds
  6 quokkas
  A frilled lizard (D:2)
  3 kobold zombies (Sewer)
  8 rats
  A bush (Lair:5)
559 creatures vanquished.

Vanquished Creatures (collateral kills)
  A rime drake (Lair:3)
  2 orc warriors (Bailey)
  An elephant simulacrum (Lair:3)
  3 goblins (Bailey)
  6 kobolds (Bailey)
13 creatures vanquished.

Vanquished Creatures (others)
  A bush (Lair:1)
  28 fungi
  29 plants
58 creatures vanquished.

Grand Total: 630 creatures vanquished

Notes
Turn   | Place    | Note
-------+----------+-------------------------------------------
     0 | D:1      | Shard1697 the Djinni Ice Elementalist began the quest for
                  | the Orb.
     0 | D:1      | Reached XP level 1. HP: 15/15 MP: 0/0
   421 | D:1      | Reached XP level 2. HP: 15/21 MP: 0/0
   959 | D:1      | Reached XP level 3. HP: 21/25 MP: 0/0
   959 | D:1      | Learned a level 1 spell: Sting
  1134 | D:1      | Reached skill level 4 in Spellcasting
  1435 | D:1      | Found a faded altar of an unknown god.
  1859 | D:2      | Noticed Robin
  1878 | D:2      | Reached XP level 4. HP: 17/31 MP: 0/0
  1883 | D:2      | Killed Robin
  2047 | D:2      | Found Copp's Book Boutique.
  3151 | D:3      | Noticed Jessica
  3161 | D:3      | Killed Jessica
  3162 | D:3      | Reached XP level 5. HP: 24/35 MP: 0/0
  3162 | D:3      | Learned a level 2 spell: Call Imp
  3371 | D:3      | Found an iron altar of Okawaru.
  3744 | D:4      | Reached skill level 5 in Spellcasting
  3872 | D:4      | Reached XP level 6. HP: 30/40 MP: 0/0
  4143 | D:4      | Found an opulent altar of Gozag.
  4193 | D:4      | Became a worshipper of Gozag Ym Sagoz the Greedy
  4223 | D:4      | Found a glowing drain.
  4236 | D:4      | Reached skill level 1 in Fighting
  4248 | Sewer    | Entered a sewer
  4503 | Sewer    | Reached XP level 7. HP: 9/47 MP: 0/0
  4503 | Sewer    | Learned a level 3 spell: Teleport Other
  4688 | Sewer    | Found a burning altar of Makhleb.
  4699 | Sewer    | Reached skill level 6 in Spellcasting
  4971 | Sewer    | Noticed Grinder
  4976 | Sewer    | Paralysed by Grinder for 5 turns
  4994 | Sewer    | Paralysed by Grinder for 2 turns
  5006 | Sewer    | HP: 2/47 [Grinder (3)]
  5012 | Sewer    | Killed Grinder
  5331 | Sewer    | Reached XP level 8. HP: 50/56 MP: 0/0
  5916 | D:5      | Entered Level 5 of the Dungeon
  6014 | D:5      | Reached skill level 7 in Spellcasting
  6284 | D:5      | Found a staircase to the Ecumenical Temple.
  7011 | D:5      | Reached XP level 9. HP: 59/63 MP: 0/0
  7011 | D:5      | Learned a level 4 spell: Summon Lightning Spire
  7161 | D:5      | Identified the +1 leather armour of Aha Saoff {Rampage
                  | rElec rC- Will+++}
  7429 | D:6      | Reached skill level 8 in Spellcasting
  7482 | D:6      | Reached skill level 5 in Fighting
  7726 | D:6      | Noticed a troll
  7918 | D:6      | HP: 1/66 [gnoll sergeant (13)]
  7921 | D:6      | Reached skill level 9 in Spellcasting
  8188 | D:6      | Killed a troll
  8480 | D:6      | Reached XP level 10. HP: 64/73 MP: 0/0
  8776 | D:6      | Found a snail-covered altar of Cheibriados.
  9059 | D:6      | Found a snail-covered altar of Cheibriados.
  9700 | D:7      | Found a shadowy altar of Dithmenos.
 10679 | D:8      | Reached skill level 10 in Spellcasting
 10806 | D:8      | Found a staircase to the Lair.
 10828 | D:8      | Noticed Maggie
 10836 | D:8      | Killed Maggie
 11840 | D:8      | Found a snail-covered altar of Cheibriados.
 11845 | D:8      | Found a stormy altar of Qazlal.
 11856 | D:8      | Found a basalt altar of Yredelemnul.
 11859 | D:8      | Found an ornate altar of the Wu Jian Council.
 12270 | D:9      | Found a flagged portal.
 12303 | Bailey   | Entered a bailey
 12454 | Bailey   | Identified the +1 ring mail "Zihiso" {rF+ Int+4 Dex+4}
 12736 | Bailey   | Identified an amulet of the Firefly {RegenMP Str+5}
 12878 | D:9      | Reached XP level 11. HP: 68/81 MP: 0/0
 12878 | D:9      | Learned a level 5 spell: Lee's Rapid Deconstruction
 13382 | D:9      | Reached skill level 11 in Spellcasting
 13505 | D:10     | Entered Level 10 of the Dungeon
 13833 | D:10     | Found a staircase to the Orcish Mines.
 14424 | D:10     | Found a portal to a secret trove of treasure.
 15111 | D:11     | Noticed a manticore
 15399 | D:11     | Noticed a two-headed ogre
 15410 | D:11     | Killed a two-headed ogre
 15411 | D:11     | Reached skill level 12 in Spellcasting
 15773 | D:11     | Reached XP level 12. HP: 14/91 MP: 0/0
 16337 | D:11     | Reached skill level 10 in Fighting
 16592 | D:11     | Noticed a two-headed ogre
 16603 | D:11     | Killed a two-headed ogre
 16604 | D:11     | Reached skill level 1 in Maces & Flails
 17296 | Lair:1   | Entered Level 1 of the Lair of Beasts
 17656 | Lair:1   | Identified the +2 helmet "Ihuaho Faut" {Contam rPois rCorr
                  | Slay+2}
 17704 | Lair:1   | Noticed a five-headed hydra
 17936 | Lair:1   | Killed a five-headed hydra
 18174 | Lair:1   | Found a transporter.
 18176 | Lair:1   | Found a transporter.
 18177 | Lair:1   | Noticed lawman0's ghost (novice NaWz)
 18215 | Lair:1   | Reached skill level 5 in Dodging
 18232 | Lair:1   | Killed lawman0's ghost
 19478 | Lair:2   | Noticed Nergalle
 19484 | Lair:2   | Killed Nergalle
 20001 | Lair:2   | Reached XP level 13. HP: 76/96 MP: 0/0
 20001 | Lair:2   | Learned a level 5 spell: Fireball
 20195 | Lair:2   | Noticed Gastronok
 20206 | Lair:2   | Killed Gastronok
 20207 | Lair:2   | Reached skill level 13 in Spellcasting
 20897 | Lair:2   | Found a staircase to the Shoals.
 20920 | Lair:2   | Reached skill level 1 in Shields
 21121 | Lair:3   | Noticed a five-headed hydra
 21127 | Lair:3   | Killed a five-headed hydra
 21164 | Lair:3   | Found a staircase to the Snake Pit.
 21294 | Lair:3   | Reached skill level 5 in Maces & Flails
 21479 | Lair:3   | Noticed Zenkrye's ghost (journeyman DjCA)
 21509 | Lair:3   | Found a runed translucent gate.
 21509 | Lair:3   | Found a runed translucent gate.
 21509 | Lair:3   | Found a runed translucent gate.
 21523 | Lair:3   | Killed Zenkrye's ghost
 21820 | Lair:3   | Got the ring "Kaekkoxt" {Fire Will+}
 22080 | Lair:3   | Noticed Urug
 22092 | Lair:3   | Killed Urug
 22238 | Lair:3   | Noticed a seven-headed hydra
 22244 | Lair:3   | Killed a seven-headed hydra
 23001 | Lair:4   | Found a runed translucent door.
 23007 | Lair:4   | Noticed a five-headed hydra
 23045 | Lair:4   | Identified a scroll of acquirement
 23046 | Lair:4   | Acquired a +2 eveningstar of protection
 23105 | Lair:4   | Found a frozen archway.
 23234 | IceCv    | Entered an ice cave
 23883 | IceCv    | Reached XP level 14. HP: 91/103 MP: 0/0
 24671 | IceCv    | Found the +7 great mace "Undeadhunter" {disrupt, rN+}
 24677 | IceCv    | Reached skill level 10 in Dodging
 24974 | IceCv    | Identified the +6 flail "Fulagid" {antimagic, rF+ rC+
                  | Dex+3}
 25811 | Lair:4   | Reached skill level 14 in Spellcasting
 26945 | Lair:5   | Found a staircase to the Slime Pits.
 27535 | Lair:6   | Entered Level 6 of the Lair of Beasts
 27552 | Lair:6   | Found a glowing golden altar of the Shining One.
 27867 | Lair:6   | Demolished by a boulder beetle

Illustrated notes

Levels and vault maps discovered:
D:1:      minmay_arrival_loop, layout_basic, serial_glass, glass_columns_a,
          glass_columns_a, dilly_ecumenical_altar_fadedgnrine, chequers_jeans,
          kennysheep_nondescript
D:2:      layout_basic, serial_shops, nicolae_diamond_shop, minmay_domino_4,
          uniq_robin
D:3:      layout_basic, mainiacjoe_overflow_alcove_4,
          nicolae_sif_muna_little_library, uniq_jessica
D:4:      layout_basic, mainiacjoe_overflow_surrounded_room,
          portal_sewer_entry_f, hangedman_abyss_or_decor_passed
D:5:      wander_river, layout_gridville, minmay_temple_entry_offerings
D:6:      minmay_clustersquares, layout_basic, small_statue_intersection,
          hangedman_feature_mirror, hangedman_decor_clover_reticule,
          minmay_manual_mares
D:7:      layout_basic, grunt_dithmenos_shadows
D:8:      layout_basic, minmay_overflow_temple_star_hex, lair_entry_dummy,
          uniq_maggie
D:9:      layout_loops_ring, enter_bailey_5, kennysheep_generic_room_6
D:10:     layout_roguey [special_room_kobold], david_orc_3, enter_trove_2
D:11:     layout_irregular_city
Lair:1:   layout_regular_city, gammafunk_ghost_hive, lemuel_fruit_fields,
          grunt_megastairs_5, lemuel_fruit_tree, serial_bayou_shore_a
Lair:2:   layout_hall_layers, minmay_shoals_entry_hut, uniq_gastronok,
          uniq_nergalle
Lair:3:   layout_loops_ring, dummy_snake_entry, gammafunk_ghost_icy,
          grunt_megastairs_3, serial_bayou_shore_b, uniq_urug
Lair:4:   layout_small_grid, portal_ice_cave_entry_imps, pf_torpor_hydra
Lair:5:   layout_regular_city, slime_dummy, serial_bayou_crossing,
          grunt_megastairs_1, infiniplex_staircase_pool
Lair:6:   hangedman_lair_in_review, layout_small_grid,
          hangedman_lair_caniforms_friends, basic_altar, lemuel_fruit_fields

Skill      XL: |  1  2  3  4  5  6  7  8  9 10 11 12 13 14 |
---------------+-------------------------------------------+-----
Spellcasting   | 4 5 6 7 9 10 12 13 14 | 14.2
Fighting       | 1 3 4 6 8 9 10 | 10.0
Maces & Flails | 4 6 8 |  8.2
Dodging        | 6 9 11 | 11.0
Shields        | 4 |  4.2
Stealth        | |  1.5

Action                   |  1- 3 |  4- 6 |  7- 9 | 10-12 | 13-15 || total
-------------------------+-------+-------+-------+-------+-------++-------
Melee: Unarmed           |    50 |       |       |       |       ||    50
       Dagger            |    46 |    65 |       |       |       ||   111
       Hand axe          |       |    32 |    31 |       |       ||    63
       Whip              |       |       |   142 |   301 |   106 ||   549
       Eveningstar       |       |       |       |       |   150 ||   150
 Cast: Freeze            |    24 |    21 |    22 |    82 |    30 ||   179
       Sting             |     2 |     1 |     2 |    10 |     7 ||    22
       Frozen Ramparts   |     1 |     7 |    17 |    40 |    25 ||    90
       Call Imp          |       |       |     4 |       |       ||     4
       Ozocubu's Armour  |       |       |     3 |     7 |    11 ||    21
       Hailstorm         |       |       |     3 |    26 |    41 ||    70
       Summon Lightning  |       |       |       |     5 |     1 ||     6
       Lee's Rapid Decon |       |       |       |     9 |     5 ||    14
       Fireball          |       |       |       |       |    63 ||    63
  Use: Scroll            |       |    11 |     2 |    10 |     9 ||    32
       Potion            |       |       |     4 |     5 |     1 ||    10
 Stab: Sleeping          |     5 |     6 |     2 |     3 |       ||    16
       Distracted        |       |       |     1 |     2 |     1 ||     4
Armor: Robe              |    32 |    39 |    75 |    18 |       ||   164
       Steam dragon scal |       |       |       |   147 |    94 ||   241
Dodge: Dodged            |   117 |    85 |   148 |   275 |   166 ||   791
Block: Other             |       |       |       |    61 |     1 ||    62
       Reflection        |       |       |       |    11 |     2 ||    13
       Buckler           |       |       |       |       |   130 ||   130

Table legend: (Time is in decaauts)
 A = Elapsed time spent in this place.
 B = Non-inter-level travel time spent in this place.
 C = Inter-level travel time spent in this place.
 D = Time resting spent in this place.
 E = Time spent auto-exploring this place.
 F = Levels seen in this place.
 G = Mean time per level.
                   A        B        C        D        E       F      G
               +--------+--------+--------+--------+--------+-----+--------+
         Total |  27954 |  27385 |    569 |   8028 |  14295 |  20 | 1397.7 |
       Dungeon |  15750 |  15315 |    435 |   4026 |   8760 |  11 | 1431.8 |
          Lair |   8787 |   8654 |    133 |   2105 |   4963 |   6 | 1464.5 |
         Sewer |   1175 |   1175 |      0 |    643 |    290 |   1 | 1175.0 |
        Bailey |    452 |    452 |      0 |    165 |      0 |   1 |  452.0 |
      Ice Cave |   1789 |   1789 |      0 |   1089 |    282 |   1 | 1789.0 |
               +--------+--------+--------+--------+--------+-----+--------+

Top non-repeatable levels by time:
     D:6: 2274 daAuts
    D:11: 2184 daAuts
  Lair:1: 2177 daAuts
   IceCv: 1789 daAuts
  Lair:2: 1637 daAuts
  Lair:5: 1628 daAuts
  Lair:3: 1599 daAuts
    D:10: 1566 daAuts
  Lair:4: 1523 daAuts
     D:1: 1473 daAuts
     D:8: 1466 daAuts
     D:2: 1419 daAuts
     D:5: 1277 daAuts
     D:7: 1177 daAuts
   Sewer: 1175 daAuts
